SAA
GLENDALE HERONS @ CHESAPEAKE CONTINENTALS
07/16/2021
 
TOP OF THE 1ST
Glendale Herons batting - Pitching for Chesapeake Continentals : RHP Ben Logan
Pitching: RHP Ben Logan
Batting: LHB Pedro Rodríguez 0-0: Ball
1-0: Called Strike
1-1: Ground out 4-3 (Groundball, 4)
Batting: RHB Ángel Ruezga 0-0: Ball
1-0: Called Strike
1-1: Swinging Strike
1-2: Foul Ball, location: 2F
1-2: SINGLE (Groundball, 56D)
Batting: LHB Chris McKinney 0-0: Ball
1-0: Called Strike
1-1: Swinging Strike
1-2: SINGLE (Groundball, 23) (infield hit)
Ángel Ruezga to second
Batting: RHB Sake van Arem 0-0: Ball
1-0: Ball
2-0: Foul Ball, location: 2F
2-1: Ball
3-1: Called Strike
3-2: Fly out, F8 (Line Drive, 8LM)
Batting: LHB Sixto Álvarez 0-0: Called Strike
0-1: Ball
1-1: Ball
2-1: Ball
3-1: Called Strike
3-2: Base on Balls
Ángel Ruezga to third
Chris McKinney to second
Batting: LHB José Rodríguez 0-0: Called Strike
0-1: Ball
1-1: Foul Ball, location: 2F
1-2: Ball
2-2: Strikes out looking
Top of the 1st over - 0 run(s), 2 hit(s), 0 error(s), 3 left on base; Glendale 0 - Chesapeake 0
BOTTOM OF THE 1ST
Chesapeake Continentals batting - Pitching for Glendale Herons : RHP Bob McGhee
Pitching: RHP Bob McGhee
Batting: RHB Gustavo Varela 0-0: DOUBLE (Flyball, 7LM)
Batting: LHB José Estrada 0-0: Called Strike
Gustavo Varela steals 3rd base
0-1: Ground out 4-3 (Groundball, 4)
Gustavo Varela scores
Batting: RHB Travis Brumback 0-0: Called Strike
0-1: Ball
1-1: Ball
2-1: Foul Ball, location: 2F
2-2: Foul Ball, location: 2F
2-2: Strikes out swinging
Batting: RHB Mike Peterson 0-0: Ball
1-0: Swinging Strike
1-1: Called Strike
1-2: Ball
2-2: Ball
3-2: SINGLE (Line Drive, 4MD)
Batting: SHB Tim Roberts 0-0: Called Strike
0-1: Foul Ball, location: 2F
0-2: Ball
1-2: Foul Ball, location: 2F
1-2: Foul Ball, location: 2F
1-2: Foul Ball, location: 2F
1-2: Fielders Choice at 2nd, U6 (Groundball, 6M)
Bottom of the 1st over - 1 run(s), 2 hit(s), 0 error(s), 1 left on base; Glendale 0 - Chesapeake 1
TOP OF THE 2ND
Glendale Herons batting - Pitching for Chesapeake Continentals : RHP Ben Logan
Batting: RHB Héctor Moreno 0-0: Ball
1-0: Called Strike
1-1: Called Strike
1-2: Strikes out looking
Batting: RHB José Mata 0-0: Ball
1-0: DOUBLE (Groundball, 3D)
Batting: SHB Wilbert Carter 0-0: Foul Ball, location: 2F
0-1: Ball
1-1: Foul Ball, location: 2F
1-2: SINGLE (Flyball, 89S)
José Mata to third
Runner from 3rd tries for Home, SAFE, no throw or cutoff
Batting: LHB Pedro Rodríguez 0-0: Called Strike
0-1: Swinging Strike
0-2: Ball
1-2: Strikes out swinging
Throwing error on steal attempt, E2
Wilbert Carter to third
Batting: RHB Ángel Ruezga 0-0: Ball
1-0: Called Strike
1-1: Ball
2-1: Ball
3-1: Foul Ball, location: 2F
3-2: Base on Balls
Batting: LHB Chris McKinney 0-0: SINGLE (Line Drive, 89M)
Wilbert Carter scores
Ángel Ruezga to second
Batting: RHB Sake van Arem 0-0: Called Strike
0-1: SINGLE (Groundball, 5D)
Ángel Ruezga to third
Chris McKinney to second
Runner from 3rd tries for Home, SAFE, throw made at trailing runner, OUT at third!
Top of the 2nd over - 3 run(s), 4 hit(s), 1 error(s), 1 left on base; Glendale 3 - Chesapeake 1
BOTTOM OF THE 2ND
Chesapeake Continentals batting - Pitching for Glendale Herons : RHP Bob McGhee
Batting: RHB Danilo Mosca 0-0: SINGLE (Flyball, 9S)
Batting: SHB Juan Ortega 0-0: Ball
1-0: Ball
2-0: Called Strike
2-1: Fly out, F6 (Popup, 6MD)
Batting: LHB Bernard Horsley 0-0: Called Strike
0-1: Foul Ball, location: 2F
0-2: SINGLE (Flyball, 89M)
Danilo Mosca to second
Runner from 2nd tries for 3rd, SAFE, no throw or cutoff
Batting: RHB Jim Unknown 0-0: Ball
1-0: Called Strike
1-1: Ball
2-1: Fly out, F4 (Popup, 4M)
Batting: RHB Gustavo Varela 0-0: Called Strike
0-1: Ball
1-1: Ball
2-1: Ground out 1-3 (Groundball, 15S)
Bottom of the 2nd over - 0 run(s), 2 hit(s), 0 error(s), 2 left on base; Glendale 3 - Chesapeake 1
TOP OF THE 3RD
Glendale Herons batting - Pitching for Chesapeake Continentals : RHP Ben Logan
Batting: LHB Sixto Álvarez 0-0: Foul Ball, location: 2F
0-1: Foul Ball, location: 2F
0-2: Ball
1-2: Strikes out looking
Batting: LHB José Rodríguez 0-0: Foul Ball, location: 2F
0-1: Foul Ball, location: 2F
0-2: Ball
1-2: Ball
2-2: DOUBLE (Line Drive, 89M)
Batting: RHB Héctor Moreno 0-0: Called Strike
0-1: Ball
1-1: Foul Ball, location: 2F
1-2: Fly out, F4 (Popup, 4)
Batting: RHB José Mata 0-0: Ball
1-0: Called Strike
1-1: Ball
2-1: Ball
3-1: Called Strike
3-2: Fly out, F9 (Flyball, 9D)
Top of the 3rd over - 0 run(s), 1 hit(s), 0 error(s), 1 left on base; Glendale 3 - Chesapeake 1
BOTTOM OF THE 3RD
Chesapeake Continentals batting - Pitching for Glendale Herons : RHP Bob McGhee
Batting: LHB José Estrada 0-0: Called Strike
0-1: Foul Ball, location: 2F
0-2: Ball
1-2: Ball
2-2: Strikes out swinging
Batting: RHB Travis Brumback 0-0: Ball
1-0: Ball
2-0: Called Strike
2-1: Ball
3-1: Base on Balls
Batting: RHB Mike Peterson 0-0: Ball
1-0: Foul Ball, location: 2F
1-1: Foul Ball, location: 2F
1-2: SINGLE (Groundball, 6MD)
Travis Brumback to second
Runner from 2nd tries for 3rd, SAFE, throw made to third
Batting: SHB Tim Roberts 0-0: Hit by Pitch
Mike Peterson to second
Batting: RHB Danilo Mosca 0-0: Called Strike
0-1: DOUBLE (Line Drive, 5D)
Travis Brumback scores
Mike Peterson scores
Tim Roberts to third
Batting: SHB Juan Ortega 0-0: Called Strike
0-1: Foul Ball, location: 2F
0-2: Ball
1-2: Ball
2-2: Foul Ball, location: 2F
2-2: Ball
3-2: Base on Balls
Batting: LHB Bernard Horsley 0-0: Ball
1-0: Called Strike
1-1: Fly out, F5 (Popup, 5SF)
Batting: RHB Jim Unknown 0-0: Called Strike
0-1: Swinging Strike
0-2: Strikes out swinging
Bottom of the 3rd over - 2 run(s), 2 hit(s), 0 error(s), 3 left on base; Glendale 3 - Chesapeake 3
TOP OF THE 4TH
Glendale Herons batting - Pitching for Chesapeake Continentals : RHP Ben Logan
Batting: SHB Wilbert Carter 0-0: Ball
1-0: Foul Ball, location: 2F
1-1: Called Strike
1-2: Foul Ball, location: 2F
1-2: Strikes out looking
Batting: LHB Pedro Rodríguez 0-0: DOUBLE (Line Drive, 5D)
Batting: RHB Ángel Ruezga 0-0: Ball
1-0: Foul Ball, location: 2F
1-1: Ball
2-1: Ball
3-1: Base on Balls
Batting: LHB Chris McKinney 0-0: Ball
1-0: Called Strike
1-1: Foul Ball, location: 2F
1-2: Ball
2-2: SINGLE (Line Drive, 6)
Pedro Rodríguez to third
Ángel Ruezga to second
Batting: RHB Sake van Arem 0-0: Foul Ball, location: 2F
0-1: SINGLE (Line Drive, 8LS)
Pedro Rodríguez scores
Ángel Ruezga to third
Chris McKinney to second
Runner from 3rd tries for Home, SAFE, throw made home
Chris McKinney to third
Sake van Arem to second
Batting: LHB Sixto Álvarez 0-0: Ball
1-0: SINGLE (Line Drive, 34)
Chris McKinney scores
Sake van Arem to third
Runner from 3rd tries for Home, SAFE, no throw or cutoff
Pitching: RHP Kyle McPherson
Batting: LHB José Rodríguez 0-0: Ball
1-0: Ball
2-0: Foul Ball, location: 2F
2-1: Called Strike
2-2: Fly out, F6 (Popup, 56D)
Batting: RHB Héctor Moreno 0-0: Ground out 1-3 (Groundball, 13S)
Top of the 4th over - 4 run(s), 4 hit(s), 0 error(s), 1 left on base; Glendale 7 - Chesapeake 3
BOTTOM OF THE 4TH
Chesapeake Continentals batting - Pitching for Glendale Herons : RHP Bob McGhee
Batting: RHB Gustavo Varela 0-0: Ball
1-0: Called Strike
1-1: Foul Ball, location: 2F
1-2: Ball
2-2: Ball
3-2: Base on Balls
Batting: LHB José Estrada 0-0: Swinging Strike
0-1: Ball
1-1: Reached on error, E1 (Groundball, 25)
Gustavo Varela to second
Batting: RHB Travis Brumback 0-0: Ball
1-0: Called Strike
1-1: Ball
2-1: SINGLE (Flyball, 9LS)
Gustavo Varela to third
José Estrada to second
Runner from 3rd tries for Home, SAFE, no throw or cutoff
Batting: RHB Mike Peterson 0-0: Called Strike
0-1: Swinging Strike
0-2: Ball
1-2: Foul Ball, location: 2F
1-2: Foul Ball, location: 2F
1-2: Strikes out swinging
Batting: SHB Tim Roberts 0-0: Called Strike
0-1: Ball
1-1: Foul Ball, location: 2F
1-2: Ball
Wild Pitch!
José Estrada to third
Travis Brumback to second
2-2: Ground out 4-3 (Groundball, 4)
José Estrada scores
Travis Brumback to third
Batting: RHB Danilo Mosca 0-0: Ball
1-0: Ball
2-0: Called Strike
2-1: Swinging Strike
2-2: Ball
3-2: Foul Ball, location: 2F
3-2: Base on Balls
Batting: SHB Juan Ortega 0-0: Fly out, F8 (Flyball, 8LM)
Bottom of the 4th over - 2 run(s), 1 hit(s), 1 error(s), 2 left on base; Glendale 7 - Chesapeake 5
TOP OF THE 5TH
Glendale Herons batting - Pitching for Chesapeake Continentals : RHP Kyle McPherson
Batting: RHB José Mata 0-0: Swinging Strike
0-1: Ball
1-1: Foul Ball, location: 2F
1-2: Ball
2-2: Fly out, F8 (Flyball, 8RD)
Batting: SHB Wilbert Carter 0-0: Ball
1-0: DOUBLE (Line Drive, 9LM)
Batting: LHB Pedro Rodríguez 0-0: Ball
Wilbert Carter is caught stealing 3rd base
1-0: Fly out, F7 (Flyball, 7M)
Top of the 5th over - 0 run(s), 1 hit(s), 0 error(s), 0 left on base; Glendale 7 - Chesapeake 5
BOTTOM OF THE 5TH
Chesapeake Continentals batting - Pitching for Glendale Herons : RHP Bob McGhee
Batting: LHB Bernard Horsley 0-0: Ball
1-0: Foul Ball, location: 2F
1-1: Called Strike
1-2: Ball
2-2: SINGLE (Flyball, 78S)
Batting: RHB Jim Unknown 0-0: Ball
1-0: Ball
2-0: Fly out, F9 (Flyball, 9D)
Batting: RHB Gustavo Varela 0-0: Ball
1-0: Foul Ball, location: 2F
1-1: Ball
2-1: Grounds into double play, 6-4-3 (Groundball, 6M)
Bottom of the 5th over - 0 run(s), 1 hit(s), 0 error(s), 0 left on base; Glendale 7 - Chesapeake 5
TOP OF THE 6TH
Glendale Herons batting - Pitching for Chesapeake Continentals : RHP Kyle McPherson
Batting: RHB Ángel Ruezga 0-0: Foul Ball, location: 2F
0-1: Ball
1-1: Foul Ball, location: 2F
1-2: Ball
2-2: Ball
3-2: Fly out, F8 (Flyball, 8RM)
Batting: LHB Chris McKinney 0-0: Ball
1-0: Fly out, F7 (Flyball, 78M)
Batting: RHB Sake van Arem 0-0: Swinging Strike
0-1: Ball
1-1: Fly out, F4 (Popup, 4M)
Top of the 6th over - 0 run(s), 0 hit(s), 0 error(s), 0 left on base; Glendale 7 - Chesapeake 5
BOTTOM OF THE 6TH
Chesapeake Continentals batting - Pitching for Glendale Herons : RHP Bob McGhee
Batting: LHB José Estrada 0-0: Ball
1-0: Ball
2-0: Fly out, F6 (Popup, 6MD)
Batting: RHB Travis Brumback 0-0: Ball
1-0: Swinging Strike
1-1: Foul Ball, location: 2F
1-2: Foul Ball, location: 2F
1-2: Strikes out swinging
Batting: RHB Mike Peterson 0-0: Ground out 1-3 (Groundball, 15)
Bottom of the 6th over - 0 run(s), 0 hit(s), 0 error(s), 0 left on base; Glendale 7 - Chesapeake 5
TOP OF THE 7TH
Glendale Herons batting - Pitching for Chesapeake Continentals : RHP Kyle McPherson
Batting: LHB Sixto Álvarez 0-0: SINGLE (Line Drive, 56D)
Batting: LHB José Rodríguez 0-0: Sac Bunt - play at first, batter OUT! 1-4
Sixto Álvarez to second
Batting: RHB Héctor Moreno 0-0: Intentional Walk
Pinch Hitting: RHB Jim Unknown 0-0: Swinging Strike
0-1: Ball
1-1: Called Strike
1-2: Ball
2-2: Foul Ball, location: 2F
2-2: Ball
3-2: Foul Ball, location: 2F
3-2: Foul Ball, location: 2F
3-2: Foul Ball, location: 2F
3-2: Strikes out swinging
Batting: SHB Wilbert Carter 0-0: SINGLE (Groundball, 4MD)
Sixto Álvarez to third
Héctor Moreno to second
Batting: LHB Pedro Rodríguez 0-0: Swinging Strike
0-1: Called Strike
0-2: Strikes out swinging
Top of the 7th over - 0 run(s), 2 hit(s), 0 error(s), 3 left on base; Glendale 7 - Chesapeake 5
BOTTOM OF THE 7TH
Chesapeake Continentals batting - Pitching for Glendale Herons : RHP Bob McGhee
Pitching: RHP Luis Oliva
Now in RF: Jim Unknown
Batting: SHB Tim Roberts 0-0: Called Strike
0-1: Ball
1-1: Ball
2-1: Ground out 3-1 (Groundball, 34)
Batting: RHB Danilo Mosca 0-0: Swinging Strike
0-1: SINGLE (Flyball, 9S)
Batting: SHB Juan Ortega 0-0: Ball
1-0: Called Strike
1-1: Foul Ball, location: 2F
1-2: Strikes out swinging
Batting: LHB Bernard Horsley 0-0: Called Strike
0-1: Foul Ball, location: 2F
0-2: Ball
1-2: Ball
2-2: Ground out 4-3 (Groundball, 4)
Bottom of the 7th over - 0 run(s), 1 hit(s), 0 error(s), 1 left on base; Glendale 7 - Chesapeake 5
TOP OF THE 8TH
Glendale Herons batting - Pitching for Chesapeake Continentals : RHP Kyle McPherson
Batting: RHB Ángel Ruezga 0-0: Called Strike
0-1: Ground out 6-3 (Groundball, 6M)
Batting: LHB Chris McKinney 0-0: Fly out, F3 (Line Drive, 3L)
Batting: RHB Sake van Arem 0-0: Ball
1-0: Foul Ball, location: 2F
1-1: Ground out 6-3 (Groundball, 6)
Top of the 8th over - 0 run(s), 0 hit(s), 0 error(s), 0 left on base; Glendale 7 - Chesapeake 5
BOTTOM OF THE 8TH
Chesapeake Continentals batting - Pitching for Glendale Herons : RHP Luis Oliva
Batting: RHB Jim Unknown 0-0: Foul Ball, location: 2F
0-1: Ball
1-1: Ground out 5-3 (Groundball, 5S)
Batting: RHB Gustavo Varela 0-0: Ball
1-0: Foul Ball, location: 2F
1-1: Swinging Strike
1-2: Strikes out looking
Batting: LHB José Estrada 0-0: Ball
1-0: Foul Ball, location: 2F
1-1: Ball
2-1: Called Strike
2-2: Hit by Pitch
Batting: RHB Travis Brumback 0-0: Fly out, F9 (Flyball, 9LMF)
Bottom of the 8th over - 0 run(s), 0 hit(s), 0 error(s), 1 left on base; Glendale 7 - Chesapeake 5
TOP OF THE 9TH
Glendale Herons batting - Pitching for Chesapeake Continentals : RHP Kyle McPherson
Pitching: RHP Jim Unknown
Batting: LHB Sixto Álvarez 0-0: Ball
1-0: Reached on error, E6 (Groundball, 6M)
Pitching: RHP Godfrey Verbiest
Batting: LHB José Rodríguez 0-0: Foul Ball, location: 2F
0-1: Called Strike
0-2: Ball
1-2: Strikes out looking
Batting: RHB Héctor Moreno 0-0: Ball
Passed Ball!
Sixto Álvarez to third
1-0: Ball
2-0: Called Strike
2-1: Ball
3-1: Base on Balls
Batting: RHB Jim Unknown 0-0: Foul Ball, location: 2F
0-1: Called Strike
0-2: Foul Ball, location: 2F
0-2: Ball
1-2: Ball
2-2: Ball
3-2: Base on Balls
Héctor Moreno to second
Batting: SHB Wilbert Carter 0-0: Called Strike
0-1: Swinging Strike
0-2: Strikes out swinging
Batting: LHB Pedro Rodríguez 0-0: Called Strike
0-1: SINGLE (Groundball, 34)
Sixto Álvarez scores
Héctor Moreno to third
Jim Unknown to second
Runner from 3rd tries for Home, SAFE, no throw or cutoff
Batting: RHB Ángel Ruezga 0-0: Ball
1-0: Foul Ball, location: 2F
1-1: Ball
2-1: Ball
3-1: Called Strike
3-2: Foul Ball, location: 2F
3-2: Foul Ball, location: 2F
3-2: Reached on error, E6 (Groundball, 6)
Jim Unknown to third
Pedro Rodríguez to second
Batting: LHB Chris McKinney 0-0: Ground out U3 (Groundball, 3)
Top of the 9th over - 2 run(s), 1 hit(s), 2 error(s), 3 left on base; Glendale 9 - Chesapeake 5
BOTTOM OF THE 9TH
Chesapeake Continentals batting - Pitching for Glendale Herons : RHP Luis Oliva
Pitching: RHP Xavier Andrade
Batting: RHB Mike Peterson 0-0: Foul Ball, location: 2F
0-1: DOUBLE (Line Drive, 8LM)
Batting: SHB Tim Roberts 0-0: Ball
1-0: Ball
2-0: Ball
3-0: Called Strike
3-1: Foul Ball, location: 2F
3-2: Foul Ball, location: 2F
3-2: Base on Balls
Batting: RHB Danilo Mosca 0-0: Ball
1-0: Fly out, F8 (Line Drive, 8LM)
Batting: SHB Juan Ortega 0-0: Ball
1-0: Called Strike
1-1: Ball
2-1: Foul Ball, location: 2F
2-2: DOUBLE (Line Drive, 7LM)
Mike Peterson scores
Tim Roberts to third
Pinch Hitting: LHB Jim Unknown 0-0: Fly out, F7 (Flyball, 7M)
Runner from 3rd tags up, SCORES, throw made
Batting: RHB Jim Unknown 0-0: Ball
1-0: Called Strike
1-1: Called Strike
1-2: DOUBLE (Line Drive, 78D)
Juan Ortega scores
Pitching: LHP Doug Robinson
Batting: RHB Gustavo Varela 0-0: Reached on error, E5 (Groundball, 56S)
Jim Unknown to third
Pinch Hitting: RHB Jim Unknown 0-0: Ball
1-0: Ball
2-0: Ball
3-0: Called Strike
3-1: Foul Ball, location: 2F
3-2: Ground out 5-3 (Groundball, 56)
Bottom of the 9th over - 3 run(s), 3 hit(s), 1 error(s), 2 left on base; Glendale 9 - Chesapeake 8
This league is powered by Out of the Park Baseball, the baseball management simulation game for PC, Mac and Linux
Friday, January 22nd, 2016 - OOTP Baseball 16.9 Build 39